 Dungeon Crawl Stone Soup version 0.27-a0-59-gfbafd837a3 (webtiles) character file.

Game seed: 7346061888097622634

1414 Borgoz the Slasher (level 9, -1/60 HPs)
             Began as a Halfling Fighter on Jan 8, 2021.
             Was an Elder of Kikubaaqudgha.
             Slain by a gnoll
             ... wielding a +0 halberd
              (11 damage)
             ... on level 5 of the Dungeon.
             The game lasted 00:09:00 (7002 turns).

Borgoz the Slasher (Halfling Fighter)               Turns: 7002, Time: 00:09:01

Health: -1/60      AC:  8    Str: 18    XL:     9   Next: 2%
Magic:  9/9        EV:  9    Int:  6    God:    Kikubaaqudgha [****..]
Gold:   197        SH: 16    Dex: 16    Spells: 8/8 levels left

rFire    . . .     SeeInvis .   b - +2 dagger (venom)
rCold    . . .     Faith    .   c - +0 kite shield
rNeg     . . .     Spirit   .   h - +0 scale mail
rPois    .         Reflect  +   (no helmet)
rElec    .         Harm     .   g - +0 cloak
rCorr    .         Rampage  .   (no gloves)
Will     .....                  (no boots)
Stlth    ..........             j - amulet of reflection
HPRegen  0.20/turn              (no ring)
MPRegen  0.11/turn              (no ring)

@: no status effects
A: small, mutation resistance 1
a: Renounce Religion, Receive Corpses


You were on level 5 of the Dungeon.
You worshipped Kikubaaqudgha.
Kikubaaqudgha was greatly pleased with you.
You visited 1 branch of the dungeon, and saw 5 of its levels.
You also visited: Sewer.

You collected 197 gold pieces.

Inventory:

Hand Weapons
 a - a +0 long sword
 b - a +2 dagger of venom (weapon)
Missiles
 w - a throwing net (quivered)
Armour
 c - a +0 kite shield (worn)
 g - a +0 cloak (worn)
 h - a +0 scale mail (worn)
Jewellery
 j - an amulet of reflection (around neck)
Scrolls
 e - 7 scrolls of remove curse
 i - 7 scrolls of fear
 p - 6 scrolls of teleportation {unknown}
 r - 3 scrolls of magic mapping {unknown}
 s - 2 scrolls of fog {unknown}
 t - a scroll of blinking {unknown}
 u - 2 scrolls of identify
 v - 2 scrolls of random uselessness {unknown}
Potions
 d - 2 potions of might
 f - 2 potions of curing
 k - 4 potions of heal wounds {unknown}
 l - a potion of mutation
 m - 2 potions of haste {unknown}
 n - a potion of magic {unknown}
 o - a potion of flight {unknown}
 q - a potion of brilliance {unknown}


   Skills:
 + Level 4.9 Fighting
 * Level 6.9 Long Blades
 + Level 6.0 Armour
 + Level 6.0 Shields


You had 8 spell levels left.
You didn't know any spells.
Your spell library contained the following spells:

 Spells                   Type           Power        Failure   Level
 Pain                     Necr           0%           99%         1
 Corpse Rot               Necr/Air       N/A          100%        2
 Sublimation of Blood     Necr           0%           100%        2
 Vampiric Draining        Necr           0%           100%        3
 Animate Dead             Necr           0%           100%        4
 Dispel Undead            Necr           0%           100%        4
 Agony                    Necr           0%           100%        5
 Excruciating Wounds      Necr           0%           100%        5
 Death Channel            Necr           0%           100%        6


Dungeon Overview and Level Annotations

Branches:
Dungeon (5/15)             Temple (0/1) D:5           Sewer (visited)

Altars:
Cheibriados
Elyvilon
Hepliaklqana
Kikubaaqudgha
Makhleb
Okawaru
Qazlal
Sif Muna
Xom
Yredelemnul
The Shining One

Annotations:
D:4 1 runed translucent door, Noname's ghost, novice FoHu


Innate Abilities, Weirdness & Mutations

You are small and have problems with some larger weapons.
You are somewhat resistant to further mutation.


Message History

The hobgoblin barely misses you.
Your shield and scale mail prevent you from hitting the gnoll.
The gnoll hits you but does no damage. You block the kobold's attack.
The gnoll barely misses you.
The hobgoblin hits you but does no damage.
You block the gnoll's attack.
You closely miss the gnoll. The hobgoblin hits you with a +0 club.
* * * LOW HITPOINT WARNING * * *
The gnoll hits you with a +0 halberd.
* * * LOW HITPOINT WARNING * * *
You block the gnoll's attack. The kobold hits you but does no damage.
The hobgoblin barely misses you.
You feel better. The gnoll hits you but does no damage.
The hobgoblin hits you but does no damage.
You block the kobold's attack.
The gnoll hits you from afar with a +0 spear.
* * * LOW HITPOINT WARNING * * *
The gnoll hits you with a +0 halberd!
You die...
Kikubaaqudgha rasps: "You have failed me!
Welcome... death!"

.^#......)#..............# #
..#.....)))).............# $#
..#########(....)........##'#
...#..........########(.))..#
...'..).......# #......#
...#..........########..)...#
..#########......g.......##'# ..#
+....Kgg)......# .#≈≈≈ ).#
#....g@gK.....)# #≈≈≈
'######################### #≈≈≈
..(≈≈≈≈≈≈≈≈≈≈≈≈≈≈≈≈≈≈≈≈≈≈#####≈≈≈
..≈≈≈≈≈≈≈≈≈≈≈≈≈≈≈≈≈≈≈≈≈≈≈≈≈≈≈≈≈≈≈
...≈≈≈≈≈≈≈≈≈≈≈≈≈≈≈≈≈≈≈≈≈≈≈≈≈≈≈≈≈≈
...≈...≈≈≈≈≈≈..≈.≈.≈.≈≈≈≈..≈≈.≈≈.
......[............†.............
..)..............................
#####.################.######..##


You could see 3 gnolls, 2 hobgoblins and 2 kobolds.

Vanquished Creatures
  Sigmund (D:2)
  A big kobold (D:5)
  2 bullfrogs (Sewer)
  A crimson imp (D:5)
  2 hounds
  5 orc wizards
  2 orc priests
  A jelly (D:5)
  An iron imp (D:4)
  2 centaur skeletons (D:4)
  2 worker ants
  A bullfrog skeleton (D:5)
  3 iguanas
  7 gnolls
  5 river rats
  16 adders
  2 shadow imps (D:5)
  An ufetubus (D:5)
  An ooze (Sewer)
  An adder skeleton (D:4)
  3 worms (D:3)
  4 dart slugs
  5 leopard geckos
  15 orcs
  6 bats
  5 giant cockroaches
  37 goblins
  19 hobgoblins
  10 jackals
  2 quokkas
  13 ball pythons
  6 frilled lizards
  9 kobolds
  27 rats
218 creatures vanquished.

Vanquished Creatures (others)
  2 withered plants (D:4)
2 creatures vanquished.

Grand Total: 220 creatures vanquished

Notes
Turn   | Place    | Note
-------+----------+-------------------------------------------
     0 | D:1      | Borgoz the Halfling Fighter began the quest for the Orb.
     0 | D:1      | Reached XP level 1. HP: 15/15 MP: 1/1
   227 | D:1      | Reached XP level 2. HP: 17/20 MP: 2/2
   484 | D:1      | Reached XP level 3. HP: 22/25 MP: 3/3
  1116 | D:2      | Reached XP level 4. HP: 28/31 MP: 4/4
  1336 | D:2      | Noticed Sigmund
  1356 | D:2      | Killed Sigmund
  1357 | D:2      | Reached XP level 5. HP: 27/36 MP: 5/5
  1357 | D:2      | Reached XP level 6. HP: 32/42 MP: 6/6
  1440 | D:2      | Found a white marble altar of Elyvilon.
  1447 | D:2      | Found an iron altar of Okawaru.
  1452 | D:2      | Found a hazy altar of Hepliaklqana.
  1463 | D:2      | Found an ancient bone altar of Kikubaaqudgha.
  1470 | D:2      | Found a basalt altar of Yredelemnul.
  1475 | D:2      | Found a shimmering blue altar of Sif Muna.
  1482 | D:2      | Found a stormy altar of Qazlal.
  1921 | D:2      | Became a worshipper of Kikubaaqudgha
  2551 | D:3      | Found a glowing drain.
  2564 | Sewer    | Entered a sewer
  2857 | Sewer    | Reached XP level 7. HP: 45/47 MP: 7/7
  2944 | Sewer    | Reached * piety under Kikubaaqudgha
  2944 | Sewer    | Identified Kikubaaqudgha's Tome of Evil (Kikubaaqudgha
                  | gifted it to you in a sewer)
  2944 | Sewer    | Received a gift from Kikubaaqudgha
  3191 | Sewer    | Reached skill level 5 in Long Blades
  3207 | Sewer    | HP: 2/48 [bullfrog (2)]
  3215 | Sewer    | Reached skill level 5 in Armour
  3215 | Sewer    | Reached skill level 5 in Shields
  3803 | D:3      | Reached ** piety under Kikubaaqudgha
  3989 | D:3      | Reached XP level 8. HP: 13/54 MP: 8/8
  4261 | D:4      | Found a snail-covered altar of Cheibriados.
  4397 | D:4      | Found a runed translucent door.
  4398 | D:4      | Noticed Noname's ghost (novice FoHu)
  5236 | D:4      | Found a snail-covered altar of Cheibriados.
  5346 | D:5      | Entered Level 5 of the Dungeon
  5424 | D:5      | Found a glowing golden altar of the Shining One.
  5795 | D:5      | Found a staircase to the Ecumenical Temple.
  6033 | D:5      | Found a shimmering altar of Xom.
  6034 | D:5      | Found a burning altar of Makhleb.
  6292 | D:5      | Reached *** piety under Kikubaaqudgha
  6292 | D:5      | Identified Kikubaaqudgha's Disquisition on Dark Secrets
                  | (Kikubaaqudgha gifted it to you on level 5 of the Dungeon)
  6292 | D:5      | Received a gift from Kikubaaqudgha
  6988 | D:5      | Reached XP level 9. HP: 14/60 MP: 9/9
  6990 | D:5      | Reached **** piety under Kikubaaqudgha
  7002 | D:5      | Slain by a gnoll

Illustrated notes

Levels and vault maps discovered:
D:1:      kilobyte_arrival_exit_the_forest, layout_basic, serial_curves,
          eino_curves_01, eino_curves_04, minmay_tromino_v4_b
D:2:      layout_basic, grunt_temple_overflow_octagram, uniq_sigmund
D:3:      layout_basic, lightli_sewer_entry_pipes
D:4:      minmay_inner_zag, layout_basic, cheibriados_altar_1,
          gammafunk_ghost_grave, serial_curves, eino_curves_04, eino_curves_03,
          solitary_fountain, amcnicky_mini_rare_corridor_liquid,
          chei_slow_surprise
D:5:      minmay_goblin_kobold_castle, layout_basic,
          grunt_temple_overflow_champion_of_chaos, lemuel_crystal_altar,
          minmay_temple_entry_waves

Skill      XL: |  1  2  3  4  5  6  7  8 |
---------------+-------------------------+-----
Fighting       | 3 4 |  4.9
Long Blades    | 3 4 5 6 |  6.9
Armour         | 4 5 6 |  6.0
Shields        | 4 5 6 |  6.0

Action                   |  1- 3 |  4- 6 |  7- 9 || total
-------------------------+-------+-------+-------++-------
Melee: Long sword        |    35 |       |       ||    35
       Dagger            |    53 |   187 |   528 ||   768
  Use: Scroll            |     3 |     4 |       ||     7
       Potion            |     1 |       |     7 ||     8
Armor: Scale mail        |    39 |    39 |   191 ||   269
Dodge: Dodged            |    42 |    40 |   173 ||   255
Block: Kite shield       |    63 |   123 |   513 ||   699
       Reflection        |       |     4 |    14 ||    18
       Rpst.: Long sword |     5 |       |       ||     5

Table legend: (Time is in decaauts)
 A = Elapsed time spent in this place.
 B = Non-inter-level travel time spent in this place.
 C = Inter-level travel time spent in this place.
 D = Time resting spent in this place.
 E = Time spent auto-exploring this place.
 F = Levels seen in this place.
 G = Mean time per level.
                   A        B        C        D        E       F      G
               +--------+--------+--------+--------+--------+-----+--------+
         Total |   7051 |   6852 |    199 |   1555 |   3907 |   6 | 1175.2 |
       Dungeon |   6134 |   5935 |    199 |   1170 |   3627 |   5 | 1226.8 |
         Sewer |    917 |    917 |      0 |    385 |    280 |   1 |  917.0 |
               +--------+--------+--------+--------+--------+-----+--------+

Top non-repeatable levels by time:
     D:5: 1617 daAuts
     D:3: 1261 daAuts
     D:4: 1123 daAuts
     D:1: 1096 daAuts
     D:2: 1035 daAuts
   Sewer: 917 daAuts
